 Dungeon Crawl Stone Soup version 0.18-a0-739-gdae9da8 (webtiles) character file.

311118 Duffy the Executioner (level 22, 178/178 HPs)
             Began as a Formicid Hunter on Dec 10, 2015.
             Was the Champion of Trog.
             Quit the game on level 3 of the Vaults.
             The game lasted 01:40:06 (57339 turns).

Duffy the Executioner (Formicid Hunter)            Turns: 57339, Time: 01:40:06

Health: 178/178    AC: 26    Str: 23    XL:     22   Next: 21%
Magic:  29/29      EV: 21    Int: 13    God:    Trog [******]
Gold:   3491       SH: 22    Dex: 15    Spells: 0 memorised, 21 levels left

rFire  . . .     SeeInvis +     a - +4 executioner's axe (drain)
rCold  . . .     Clarity  .     B - +3 pearl dragon armour
rNeg   + . .     SustAt   .     z - +2 large shield of the Game of Life {Int+2}
rPois  .         Gourm    .     (helmet unavailable)
rElec  .         Spirit   .     f - +1 cloak
rCorr  .         Dismiss  .     Y - +0 pair of gloves
rMut   .         Stasis   +     O - +0 pair of boots
MR     ++...                    t - amulet of faith
Stlth  ..........               Q - +4 ring of slaying
                                S - +5 ring of evasion

@: very resistant to hostile enchantments, extremely unstealthy
A: permanent stasis, dig shafts and tunnels, four strong arms, antennae 3
a: Dig, Shaft Self, Trog's Hand, Brothers in Arms, Burn Spellbooks, Renounce
Religion
}: 2/15 runes: decaying, gossamer


You were on level 3 of the Vaults.
You worshipped Trog.
Trog was exalted by your worship.
You were full.

You visited 7 branches of the dungeon, and saw 41 of its levels.
You also visited: Volcano.

You collected 4897 gold pieces.
You spent 1406 gold pieces at shops.


Innate Abilities, Weirdness & Mutations

You are under a permanent stasis effect.
You can dig through walls and to a lower floor.
Your four strong arms can wield two-handed weapons with a shield.
You have a pair of large antennae on your head (SInv).


   Skills:
 + Level 16.3 Fighting
 + Level 22.5 Axes
 - Level 4.0 Throwing
 + Level 16.5 Armour
 - Level 10.2 Dodging
 - Level 1.2 Stealth
 - Level 15.0 Shields
 - Level 10.5 Evocations


You had 21 spell levels left.
You didn't know any spells.

Inventory:

Hand Weapons
 a - a +4 executioner's axe of draining (weapon)
Missiles
 m - 6 throwing nets (quivered)
Armour
 f - a +1 cloak (worn)
 z - the +2 large shield of the Game of Life (worn) {Int+2}

   It affects your intelligence (+2).
 B - a +3 pearl dragon armour (worn)
 O - a +0 pair of boots (worn)
 Y - a +0 pair of gloves (worn)
Rods
 b - a +3 rod of shadows (16/16)
Jewellery
 q - an uncursed ring of protection from magic
 r - an uncursed ring of poison resistance
 t - an amulet of faith (around neck)
 F - the ring of Departure {rC+ EV+2 Int+6}

   [ring of evasion]

   It affects your evasion (+2).
   It affects your intelligence (+6).
   It protects you from cold.
 Q - a +4 ring of slaying (right hand)
 S - a +5 ring of evasion (left hand)
 V - an uncursed ring of protection from fire
 X - the ring "Qafoelor" {SustAt rElec rF+}

   [ring of sustain attributes]

   It sustains your strength, intelligence and dexterity.
   It protects you from fire.
   It insulates you from electricity.
Wands
 L - a wand of cold (11)
 P - a wand of fire (5)
 R - a wand of paralysis (10)
 U - a wand of invisibility (3)
 Z - a wand of cold (6)
Scrolls
 c - 3 scrolls of identify
 g - 25 scrolls of remove curse
 i - 2 scrolls of holy word
 j - 5 scrolls of recharging
 v - 6 scrolls of magic mapping
 y - 3 scrolls of enchant weapon
 K - a scroll of vulnerability
 M - 7 scrolls of fog
 N - 6 scrolls of fear
Potions
 k - a potion of flight
 n - 9 potions of curing
 o - 2 potions of cancellation
 s - 9 potions of lignification
 A - 3 potions of resistance
 E - a potion of cure mutation
 G - 10 potions of might
 J - 5 potions of ambrosia
Miscellaneous
 e - a sack of spiders
 h - a phial of floods
 l - a stone of tremors
 T - a lamp of fire
 W - a sack of spiders
Comestibles
 d - a beef jerky
 p - 16 bread rations
 u - 2 fruits
 w - 12 meat rations

Dungeon Overview and Level Annotations

Branches:
Dungeon (15/15)            Temple (0/1) D:7            Lair (8/8) D:8
  Swamp (4/4) Lair:3       Spider (4/4) Lair:5        Slime (0/6) Lair:6
    Orc (4/4) D:12            Elf (3/3) Orc:3        Vaults (3/5) D:14
  Crypt (0/3) Vaults:3     Depths (0/5) D:15

Altars:
Ashenzari
Cheibriados
Fedhas
Gozag
Kikubaaqudgha
Makhleb
Nemelex Xobeh
Okawaru
Ru
Sif Muna
Trog
Vehumet
Yredelemnul
Zin
Beogh
Jiyva

Shops:
D:14 !   Orc:2 (   Orc:4 [%(?(   Vaults:1 %   Vaults:3 (%

Annotations:
Lair:6 1 runed door
Lair:7 exclusion: 2 oklob plants
Lair:8 exclusion: ice statue
Swamp:2 exclusion: 2 oklob plants
Elf:2 3 runed doors


Message History

No target in view!
No target in view!
No target in view!
No target in view!
No target in view!
No target in view!
No target in view!
No target in view!
No target in view!
No target in view!
No target in view!
No target in view!
No target in view!
No target in view!
No target in view!
Things that are here:
an uncursed arbalest; 11 bolts of flame
There is an open door here.
You see here a bolt of flame.
There is an open door here.
Things that are here:
a bolt; a runed lajatang {god gift}
There is a large open door, spattered with blood here.
Items here: ( )) [ a mace; a ring mail; an uncursed arbalest; 11 bolts
There is an open door here.
There is an open door here.
There is an entrance to Udimpiz's Food Shop here.
Unknown command.
Unknown command.
Done exploring.
Done exploring.
Done exploring.
Done exploring.
Are you sure you want to abandon this character and quit the game? (Confirm with "yes".)

.....##...........#
.....###'##########
.....'......#####################
.....#.....)##........#..........
.....#......##...<....#...##'##..
.....#......##........#.###..)###
######......##........'.#.......#
#......##.#'#....#.#...>...#
#########.'@'....#.#.......#
##### ###'#.####.###...### #...#
#...# #)).#####.. #...# #####
#.......... #...#
###########')########
#####...#####....#..#..()#
#...........'....#..#....#
'...........#..#.#..#.#..#
#...........#....'..'..(.#


There were no monsters in sight!

Action                   |  1- 3 |  4- 6 |  7- 9 | 10-12 | 13-15 | 16-18 | 19-21 | 22-24 || total
-------------------------+-------+-------+-------+-------+-------+-------+-------+-------++-------
Melee: Short sword       |   156 |   199 |   413 |       |       |       |       |       ||   768
       War axe           |       |       |    98 |  1027 |    11 |       |       |       ||  1136
       Executioner's axe |       |       |       |       |   182 |  1223 |  1214 |    72 ||  2691
       Battleaxe         |       |       |       |       |   949 |   425 |       |       ||  1374
Throw: Javelin           |       |     6 |    18 |       |       |       |       |       ||    24
       Throwing net      |       |       |     2 |       |       |       |       |       ||     2
Invok: Burn Spellbooks   |       |       |     3 |     3 |     5 |     4 |     7 |       ||    22
       Trog's Hand       |       |       |       |     1 |       |     2 |    11 |     1 ||    15
       Brothers in Arms  |       |       |       |       |       |     2 |     1 |       ||     3
 Abil: Dig               |       |     5 |    11 |    11 |    13 |    26 |    16 |       ||    82
Evoke: Rod               |       |       |     8 |    71 |    46 |    18 |       |       ||   143
       Wand              |       |       |     1 |     4 |       |     1 |     1 |       ||     7
  Use: Scroll            |       |       |    12 |    12 |     9 |    11 |     7 |     1 ||    52
       Potion            |       |       |       |       |     1 |     9 |     1 |     6 ||    17
 Stab: Sleeping          |     1 |       |       |       |       |       |       |       ||     1
       Held in net/web   |       |       |     1 |       |       |       |       |       ||     1
       Distracted        |       |       |     2 |     4 |     2 |       |     3 |       ||    11
       Paralysed         |       |       |       |     7 |       |       |       |       ||     7
       Petrified         |       |       |       |       |     2 |       |       |       ||     2
       Invisible         |       |       |       |       |       |    26 |     8 |     5 ||    39
  Eat: Chunk             |     1 |     9 |    21 |    47 |    39 |    26 |    18 |       ||   161
       Royal jelly       |       |       |     1 |       |     1 |       |       |       ||     2
       Fruit             |       |       |     1 |       |       |    26 |     3 |       ||    30
       Pizza             |       |       |       |     6 |     6 |     1 |     2 |       ||    15
       Beef jerky        |       |       |       |       |     5 |     2 |     3 |       ||    10
       Bread ration      |       |       |       |       |       |     1 |     1 |     2 ||     4
       Meat ration       |       |       |       |       |       |       |     1 |       ||     1

Notes
Turn   | Place    | Note
--------------------------------------------------------------
     0 | D:1      | Duffy the Formicid Hunter began the quest for the Orb.
     0 | D:1      | Reached XP level 1. HP: 16/16 MP: 1/1
   266 | D:1      | Reached skill level 2 in Dodging
   335 | D:1      | Reached XP level 2. HP: 21/23 MP: 2/2
   396 | D:1      | Reached skill level 3 in Fighting
   550 | D:1      | Reached XP level 3. HP: 24/29 MP: 3/3
   961 | D:1      | Reached skill level 4 in Fighting
  1619 | D:2      | Reached XP level 4. HP: 33/37 MP: 4/4
  1853 | D:2      | Noticed Terence
  1870 | D:1      | Killed Terence
  1964 | D:2      | Found a shattered altar of Ashenzari.
  2008 | D:2      | Reached skill level 5 in Fighting
  2213 | D:2      | Reached XP level 5. HP: 40/44 MP: 5/5
  2288 | D:2      | Reached skill level 1 in Armour
  2378 | D:2      | Found a basalt altar of Yredelemnul.
  2583 | D:2      | Found a sparkling altar of Nemelex Xobeh.
  2800 | D:3      | Reached skill level 1 in Axes
  2800 | D:3      | Reached skill level 2 in Armour
  3187 | D:3      | Noticed a phantom
  3227 | D:3      | Killed a phantom
  3227 | D:3      | Reached skill level 2 in Axes
  3227 | D:3      | Reached skill level 3 in Armour
  3227 | D:3      | Reached XP level 6. HP: 22/51 MP: 6/6
  3473 | D:3      | Found a sacrificial altar of Ru.
  3870 | D:4      | Reached skill level 3 in Axes
  3870 | D:4      | Reached XP level 7. HP: 56/56 MP: 7/7
  3978 | D:4      | Reached skill level 4 in Armour
  4084 | D:4      | Found a burning altar of Makhleb.
  4541 | D:4      | Reached skill level 4 in Axes
  4820 | D:4      | Found a glowing silver altar of Zin.
  4894 | D:4      | Noticed Duvessa
  4926 | D:4      | Killed Duvessa
  4926 | D:4      | Reached skill level 5 in Armour
  4926 | D:4      | Reached XP level 8. HP: 40/62 MP: 8/8
  5507 | D:4      | Noticed Dowan
  5525 | D:4      | Killed Dowan
  5525 | D:4      | Reached skill level 5 in Axes
  5596 | D:5      | Entered Level 5 of the Dungeon
  5603 | D:5      | Noticed Grinder
  5710 | D:5      | Killed Grinder
  5710 | D:5      | Reached skill level 6 in Armour
  6294 | D:5      | Found a radiant altar of Vehumet.
  6344 | D:5      | Reached skill level 6 in Axes
  7397 | D:5      | Reached skill level 7 in Axes
  7397 | D:5      | Reached skill level 1 in Evocations
  7397 | D:5      | Reached XP level 9. HP: 58/67 MP: 8/10
  7680 | D:5      | Found a bloodstained altar of Trog.
  7680 | D:5      | Found a deep blue altar of Sif Muna.
  7687 | D:5      | Became a worshipper of Trog the Wrathful
  7761 | D:6      | Reached skill level 2 in Evocations
  8016 | D:6      | Reached skill level 3 in Evocations
  8342 | D:6      | Reached * piety under Trog
  8422 | D:6      | Reached skill level 4 in Evocations
  8747 | D:6      | Reached skill level 8 in Axes
  8833 | D:6      | Found a blossoming altar of Fedhas.
  8855 | D:6      | Reached skill level 5 in Evocations
  9093 | D:6      | Found an ancient bone altar of Kikubaaqudgha.
  9251 | D:7      | Found a staircase to the Ecumenical Temple.
  9447 | D:7      | Reached ** piety under Trog
  9552 | D:7      | Found an opulent altar of Gozag.
  9650 | D:7      | Reached skill level 6 in Evocations
  9825 | D:7      | Reached XP level 10. HP: 67/73 MP: 14/14
 10192 | D:7      | Reached skill level 9 in Axes
 10482 | D:8      | Found a staircase to the Lair.
 10552 | D:8      | Reached *** piety under Trog
 11074 | D:8      | Reached skill level 7 in Evocations
 11565 | D:9      | Found an iron altar of Okawaru.
 12004 | D:9      | You fall through a shaft for 3 floors!
 12122 | D:12     | Noticed a white ugly thing
 12172 | D:12     | Killed a white ugly thing
 12172 | D:12     | Reached skill level 1 in Shields
 12224 | D:12     | Reached skill level 10 in Axes
 12306 | D:12     | Found a staircase to the Orcish Mines.
 12332 | D:11     | Noticed Psyche
 12332 | D:11     | Noticed WhatIsLove's ghost (journeyman CeCj)
 12405 | D:11     | Noticed Maud
 12412 | D:11     | Noticed a purple ugly thing
 12432 | D:12     | Killed a purple ugly thing
 12432 | D:12     | Reached skill level 3 in Shields
 13016 | D:11     | Reached **** piety under Trog
 13021 | D:11     | Noticed Erica
 13417 | D:11     | Killed WhatIsLove's ghost
 13417 | D:11     | Reached skill level 4 in Shields
 13417 | D:11     | Killed Psyche
 13668 | D:11     | Reached XP level 11. HP: 76/79 MP: 16/16
 13748 | D:10     | Entered Level 10 of the Dungeon
 13784 | D:10     | Got a sparkling turquoise ring
 13798 | D:10     | Identified the ring "Qafoelor" {SustAt rElec rF+} (You found it on level 10 of the Dungeon)
 13864 | D:10     | Reached skill level 5 in Shields
 13877 | D:10     | Reached skill level 3 in Dodging
 13884 | D:10     | Reached skill level 7 in Armour
 13892 | D:10     | Reached skill level 11 in Axes
 14428 | D:11     | Noticed a cyan ugly thing
 14428 | D:11     | Noticed a purple ugly thing
 14428 | D:11     | Noticed a hill giant
 14450 | D:10     | Reached skill level 6 in Fighting
 14637 | D:9      | Found a radiant altar of Vehumet.
 14782 | D:9      | Found a snail-covered altar of Cheibriados.
 14870 | D:9      | Found a sacrificial altar of Ru.
 15072 | D:9      | Got an ancient chain mail
 15093 | D:9      | Identified the +6 chain mail "Wezxo" {SInv} (You found it on level 9 of the Dungeon)
 15286 | D:10     | Found a deep blue altar of Sif Muna.
 15533 | D:11     | Killed a hill giant
 15533 | D:11     | Reached skill level 4 in Dodging
 15536 | D:11     | Killed Erica
 15585 | D:11     | Noticed Harold
 15787 | D:11     | Killed Harold
 15994 | D:10     | Killed a purple ugly thing
 16053 | D:11     | Noticed a manticore
 16070 | D:10     | Killed a cyan ugly thing
 16388 | D:11     | Reached skill level 8 in Armour
 16389 | D:11     | Killed a manticore
 16389 | D:11     | Reached skill level 7 in Fighting
 16389 | D:11     | Reached skill level 12 in Axes
 16484 | D:11     | Reached ***** piety under Trog
 16886 | D:11     | Killed Maud
 16886 | D:11     | Reached XP level 12. HP: 43/90 MP: 17/17
 17484 | D:11     | Reached skill level 8 in Evocations
 17761 | Lair:1   | Entered Level 1 of the Lair of Beasts
 17771 | Lair:1   | Noticed Gastronok
 17790 | Lair:1   | Killed Gastronok
 17901 | Lair:1   | Received a gift from Trog
 18062 | Lair:1   | Reached skill level 9 in Evocations
 18271 | Lair:1   | Reached skill level 13 in Axes
 18369 | Lair:1   | Noticed Grum
 18396 | Lair:1   | Killed Grum
 18479 | Lair:1   | Noticed Joseph
 18486 | Lair:1   | Killed Joseph
 18569 | Lair:1   | Received a gift from Trog
 18794 | Lair:1   | Reached skill level 10 in Evocations
 19322 | Lair:1   | Reached XP level 13. HP: 82/95 MP: 20/20
 19560 | Lair:1   | Received a gift from Trog
 19962 | Lair:2   | Found an opulent altar of Gozag.
 19989 | Lair:2   | Reached skill level 14 in Axes
 21528 | Lair:3   | Found a staircase to the Swamp.
 21539 | Lair:3   | Reached skill level 15 in Axes
 22397 | Lair:4   | Received a gift from Trog
 22404 | Lair:4   | Got an ebony battleaxe {god gift}
 22406 | Lair:4   | Identified the +7 battleaxe of Diguil {chop, Dex+3} (Trog gifted it to you on level 4 of the Lair of Beasts)
 22519 | Lair:4   | Noticed Josephine
 22569 | Lair:4   | Killed Josephine
 23344 | Lair:4   | Reached skill level 5 in Dodging
 23895 | Lair:5   | Reached XP level 14. HP: 101/103 MP: 21/21
 23974 | Lair:5   | Reached skill level 8 in Fighting
 24247 | Lair:5   | Found a hole to the Spider Nest.
 24476 | Lair:5   | Reached skill level 16 in Axes
 24641 | Lair:6   | Found a dark tunnel.
 24662 | Volcano  | Entered a volcano
 24704 | Volcano  | Found a radiant altar of Vehumet.
 24709 | Volcano  | Reached skill level 9 in Armour
 25234 | Lair:6   | Reached skill level 6 in Dodging
 25235 | Lair:6   | Found a runed door.
 25235 | Lair:6   | Found a viscous altar of Jiyva.
 25239 | Lair:6   | Found a staircase to the Slime Pits.
 25291 | Lair:6   | Received a gift from Trog
 25419 | Lair:6   | Received a gift from Trog
 25820 | Lair:6   | Reached ****** piety under Trog
 26116 | Lair:7   | Reached skill level 9 in Fighting
 26457 | Lair:7   | Got a distressingly furry large shield
 26468 | Lair:7   | Identified the +2 large shield of the Game of Life {Int+2} (You found it on level 7 of the Lair of Beasts)
 26639 | Lair:7   | Received a gift from Trog
 26711 | Lair:7   | Reached skill level 6 in Shields
 26990 | Lair:7   | Reached skill level 17 in Axes
 27135 | Lair:7   | Reached skill level 7 in Shields
 27135 | Lair:7   | Reached XP level 15. HP: 113/113 MP: 22/22
 27280 | Lair:8   | Entered Level 8 of the Lair of Beasts
 27327 | Lair:8   | Noticed Oleczek's ghost (journeyman MiBe)
 27339 | Lair:8   | Killed Oleczek's ghost
 27621 | Lair:8   | Noticed WhatIsLove's ghost (journeyman DrCj)
 27637 | Lair:8   | Killed WhatIsLove's ghost
 27637 | Lair:8   | Reached skill level 8 in Shields
 27671 | Lair:8   | Received a gift from Trog
 28022 | Lair:8   | Reached skill level 9 in Shields
 28407 | Lair:8   | Reached skill level 10 in Shields
 28470 | Lair:8   | Received a gift from Trog
 29556 | D:13     | Reached skill level 18 in Axes
 30349 | D:13     | Reached skill level 11 in Shields
 30580 | D:14     | Found Jigruitto's Distillery.
 30588 | D:14     | Bought a potion of might for 72 gold pieces
 30588 | D:14     | Bought a potion of might for 72 gold pieces
 30588 | D:14     | Bought a potion of invisibility for 144 gold pieces
 30956 | D:15     | Entered Level 15 of the Dungeon
 31016 | D:15     | Received a gift from Trog
 31019 | D:15     | Reached XP level 16. HP: 86/120 MP: 23/23
 31413 | D:15     | Found a staircase to the Depths.
 31521 | D:15     | Reached skill level 12 in Shields
 31566 | D:15     | Found a runed door.
 31568 | D:15     | Noticed a tengu reaver
 32207 | Orc:1    | Entered Level 1 of the Orcish Mines
 32499 | Orc:2    | Found a roughly hewn altar of Beogh.
 32601 | Orc:1    | Received a gift from Trog
 33084 | Orc:3    | Noticed Nessos
 33103 | Orc:3    | Killed Nessos
 33189 | Orc:3    | Noticed Snorg
 33204 | Orc:3    | Killed Snorg
 33236 | Orc:3    | Found a staircase to the Elven Halls.
 33568 | Orc:4    | Entered Level 4 of the Orcish Mines
 33575 | Orc:4    | Noticed Donald
 33595 | Orc:4    | Killed Donald
 33708 | Orc:2    | Found Pefruom's Antique Weapon Shoppe.
 34134 | Orc:4    | Received a gift from Trog
 34221 | Orc:4    | Noticed Rupert
 34221 | Orc:4    | Found Qougum's Weapon Boutique.
 34264 | Orc:4    | Killed Rupert
 34495 | Orc:4    | Found Sush's Weapon Emporium.
 34495 | Orc:4    | Found Jiwkupre's Food Boutique.
 34497 | Orc:4    | Found Denkut's Antique Armour Shop.
 34502 | Orc:4    | Reached skill level 13 in Shields
 34517 | Orc:4    | Found Opleicw's Magic Scroll Shoppe.
 34523 | Orc:4    | Reached skill level 19 in Axes
 34548 | Orc:4    | Bought a runed cloak for 166 gold pieces
 34568 | Orc:4    | Bought a scroll of identify for 34 gold pieces
 34568 | Orc:4    | Bought a scroll of acquirement for 884 gold pieces
 34568 | Orc:4    | Bought a scroll of identify for 34 gold pieces
 35045 | Orc:4    | Upgraded the game from 0.18-a0-731-ga019a5f to 0.18-a0-739-gdae9da8
 35320 | Spider:1 | Entered Level 1 of the Spider Nest
 35328 | Spider:1 | Received a gift from Trog
 36805 | Spider:2 | Reached skill level 14 in Shields
 36912 | Spider:2 | Received a gift from Trog
 36912 | Spider:2 | Reached XP level 17. HP: 103/125 MP: 24/24
 38256 | Spider:4 | Entered Level 4 of the Spider Nest
 38337 | Spider:4 | Reached skill level 15 in Shields
 38338 | Spider:4 | Received a gift from Trog
 38766 | Spider:4 | Reached skill level 10 in Armour
 39055 | Spider:4 | Reached skill level 7 in Dodging
 39174 | Spider:4 | Reached skill level 20 in Axes
 39879 | Spider:4 | Reached skill level 10 in Fighting
 40167 | Spider:4 | Got a gossamer rune of Zot
 40486 | Spider:4 | Reached XP level 18. HP: 92/134 MP: 19/25
 40790 | Swamp:1  | Entered Level 1 of the Swamp
 40962 | Swamp:1  | Received a gift from Trog
 41821 | Swamp:2  | Reached skill level 11 in Armour
 41822 | Swamp:2  | Reached skill level 8 in Dodging
 43579 | Swamp:3  | Reached skill level 11 in Fighting
 44143 | Swamp:3  | Received a gift from Trog
 44516 | Swamp:4  | Entered Level 4 of the Swamp
 44896 | Swamp:4  | Reached skill level 9 in Dodging
 44906 | Swamp:4  | Reached skill level 12 in Armour
 44919 | Swamp:4  | Reached XP level 19. HP: 78/144 MP: 17/26
 44951 | Swamp:4  | Got a decaying rune of Zot
 45586 | Swamp:4  | Received a gift from Trog
 45684 | Swamp:4  | Reached skill level 12 in Fighting
 46484 | D:14     | Found a gate to the Vaults.
 47193 | Elf:1    | Entered Level 1 of the Elven Halls
 47201 | Elf:1    | Reached skill level 10 in Dodging
 47332 | Elf:1    | Received a gift from Trog
 47537 | Elf:1    | Noticed a Brimstone Fiend
 47775 | Elf:1    | Reached skill level 13 in Armour
 47796 | Elf:1    | Noticed a Brimstone Fiend
 48107 | Elf:1    | Received a gift from Trog
 48132 | Elf:1    | Reached skill level 21 in Axes
 48348 | Elf:1    | Received a gift from Trog
 48769 | Elf:2    | Received a gift from Trog
 48769 | Elf:2    | Reached skill level 13 in Fighting
 48846 | Elf:2    | Found a runed gate.
 48846 | Elf:2    | Found a runed gate.
 48847 | Elf:2    | Found a runed gate.
 48941 | Elf:2    | Reached XP level 20. HP: 138/156 MP: 27/27
 49116 | Elf:3    | Entered Level 3 of the Elven Halls
 49444 | Elf:3    | Received a gift from Trog
 50269 | Elf:3    | Reached skill level 14 in Armour
 50671 | Elf:3    | Received a gift from Trog
 50796 | Elf:3    | Reached skill level 14 in Fighting
 50966 | Elf:3    | Got an ancient amber ring
 50967 | Elf:3    | Identified the ring of Departure {rC+ EV+2 Int+6} (You took it off a deep elf death mage on level 3 of the Elven Halls)
 51570 | Vaults:1 | Entered Level 1 of the Vaults
 51733 | Vaults:1 | Noticed Asterion
 51741 | Vaults:1 | Killed Asterion
 52051 | Vaults:1 | Received a gift from Trog
 52058 | Vaults:1 | Found Yruom's Food Shoppe.
 53249 | Vaults:1 | Reached XP level 21. HP: 166/166 MP: 28/28
 53429 | Vaults:2 | Received a gift from Trog
 53507 | Vaults:2 | Reached skill level 15 in Armour
 53600 | Vaults:2 | Received a gift from Trog
 53783 | Vaults:2 | Reached skill level 15 in Fighting
 54386 | Vaults:2 | Reached skill level 22 in Axes
 54387 | Vaults:2 | Received a gift from Trog
 55427 | Vaults:3 | Received a gift from Trog
 55486 | Vaults:3 | Found a staircase to the Crypt.
 55906 | Vaults:3 | Reached skill level 16 in Armour
 55918 | Vaults:3 | Received a gift from Trog
 56312 | Vaults:3 | Found Cenkonadd's Weapon Boutique.
 56334 | Vaults:3 | Reached skill level 16 in Fighting
 56336 | Vaults:3 | Reached XP level 22. HP: 175/178 MP: 29/29
 56346 | Vaults:3 | Noticed Jorgrun
 56369 | Vaults:3 | Killed Jorgrun
 56978 | Vaults:3 | Received a gift from Trog
 57332 | Vaults:3 | Found Udimpiz's Food Shop.
 57339 | Vaults:3 | Quit the game

Vault maps used:
D:1:      evilmike_arrival_fibonacci_small, serial_bayou_ford_a, minmay_vboxes
D:2:      lemuel_doored_altar, yredelemnul_altar_generic, ashenzari_altar_1,
          uniq_terence
D:3:      nicolae_overflow_hidden_temple
D:4:      lemuel_crystal_altar, zin_statuary, first_bread, uniq_duvessa
D:5:      gammafunk_temple_overflow_elements, basic_altar, patterned_corridor,
          uniq_grinder
D:6:      old_standard_altar, fedhas_bush_and_centaur_altar
D:7:      kennysheep_little_box, minmay_temple_entry_large_hall
D:8:      lair_0_dummy
D:9:      nicolae_overflow_crystal_walls, marbit_many_paths, slow_altar_1,
          basic_altar, grunt_livestock, minmay_stone_trees_small
D:10:     led_sif_book
D:11:     uniq_erica, uniq_maud, uniq_psyche, uniq_harold
D:12:     orc_0_dummy
D:13:     hangedman_abyss_or_decor_lesser_grid
D:14:     grunt_vaults_entry_fortified, serial_shops, nicolae_shop_statue_plus,
          minmay_door_square, evilmike_minifort
D:15:     grunt_enter_depths_magical_seal, kennysheep_treasure_room
Lair:1:   roderic_batcave, serial_bayou_shore_b, uniq_gastronok, uniq_joseph,
          uniq_grum
Lair:2:   basic_altar, grunt_megastairs_2
Lair:3:   swamp_mist, worms_lemuel
Lair:4:   uniq_josephine
Lair:5:   dummy_spider_entry, serial_bayou_pond_e, grunt_megastairs_4,
          infiniplex_staircase_pool_2
Lair:6:   lemuel_ratsnest, slime_altar_2, enter_volcano_4, serial_bayou_pond_d
Lair:7:   minmay_lair_venomous_thicket
Lair:8:   minmay_lair_end_enchanted_forest, ice2_lemuel
Swamp:1:  evilmike_swamp_ruin_rubble_2, swamp_pool3
Swamp:2:  nicolae_swamp_phyte_club, infiniplex_staircase_pool,
          nicolae_swamp_stair_fork
Swamp:3:  serial_swamp_ruin, evilmike_swamp_ruin_house_1,
          hangedman_swamp_ruin_hall
Swamp:4:  swamp
Spider:2: spider_trap
Spider:3: spider_trap
Spider:4: spider_rune_water, spider_trap, nicolae_spider_cling_ruins
Orc:2:    serial_shops, shop, basic_altar
Orc:3:    nicolae_orc_pool_cavern, nicolae_orc_rockfall, uniq_snorg, uniq_nessos
Orc:4:    st_orc_rangers, serial_shops, nicolae_shop_statue_plus, uniq_donald,
          uniq_rupert
Elf:1:    eino_elf_arrival_shootout, kennysheep_underground_church,
          minmay_crystal_room
Elf:3:    minmay_elf_hall_quartered_circle
Vaults:1: vaults_room_boxed, v_misc_15, hangedman_vaults_capsules,
          ontoclasm_vaults_gateway, vaults_room_ringed_pool,
          ontoclasm_vaults_idyll, vaults_room_stairs_pillars,
          ontoclasm_vaults_chip, ontoclasm_vaults_claustrophobia,
          nicolae_vaults_alarming, serial_shops, shop_statue, uniq_asterion
Vaults:2: v_misc_11, nicolae_vaults_yaktaur_gun_rack,
          vaults_standard_mumra_enter_the_diamond,
          nicolae_vaults_ninety_degrees, special_room_vaults,
          grunt_vaults_bifocal, vaults_standard_mumra_x, hangedman_vaults_slice,
          vaults_dpeg_ring, v_misc_17
Vaults:3: kb_rosetta, minmay_crypt_entry_simple_round, hangedman_vaults_nodes,
          vaults_room_fancy_cross, v_misc_8, v_misc_25,
          nicolae_vaults_stairing_the_circle, hangedman_vaults_corner,
          ontoclasm_vaults_tryst, ontoclasm_vaults_ring_large,
          nicolae_vaults_what_the_h, v_misc_25, dpeg_vaults_monster_box,
          serial_shops, nicolae_shop_behind_doors, uniq_jorgrun
Volcano:  volcano_lake

Vanquished Creatures
  Jorgrun Rupert Asterion
  A deep elf master archer Gastronok
  6 thorn hunters
  A tengu reaver
  A frost giant Maud Donald
  10 deep elf sorcerers
  2 ghost moths
  4 vault wardens
  4 emperor scorpions
  9 ironheart preservers
  The ghost of Oleczek the Warrior, a journeyman MiBe of Trog
  2 very ugly things
  A war gargoyle
  The ghost of WhatIsLove the Destroyer, a journeyman DrCj of Vehumet
  2 salamander stormcallers
  4 stone giants Nessos
  6 deep elf annihilators
  5 deep elf demonologists
  A spark wasp
  8 deep elf death magi Snorg
  An ettin
  10 vault guards
  An eidolon
  A jiangshi
  6 deep elf high priests
  3 yaktaur captains
  19 hydras Josephine
  6 fire dragons
  6 ogre magi Harold
  An entropy weaver
  3 ghost crabs Erica
  The ghost of WhatIsLove the Destroyer, a journeyman CeCj of the Shining One
  2 catoblepae
  2 deep troll earth magi
  9 centaur warriors
  10 alligators
  11 death yaks
  2 orc high priests
  12 deep elf knights
  2 small abominations
  2 large abominations
  A death drake (shapeshifter)
  8 hill giants
  5 harpies
  11 deep trolls
  An unseen horror (shapeshifter)
  8 deep elf summoners
  A lindwurm
  25 wolf spiders
  A necromancer
  A shadow wraith
  6 cyclopes
  7 shambling mangroves
  11 swamp dragons
  18 orb spiders
  A phantasmal warrior
  A hill giant (shapeshifter)
  10 ironbrand convokers
  9 orc knights
  16 deep elf conjurers
  4 manticores
  14 hornets
  5 griffons
  4 wizards
  25 ugly things
  6 orc sorcerers
  10 elephants
  3 salamanders
  35 spiny frogs
  7 vault sentinels
  3 moths of wrath
  A moth of wrath (shapeshifter)
  4 black mambas Joseph Psyche
  A naga mage
  2 molten gargoyles
  2 torpor snails
  4 gargoyles
  2 kobold demonologists
  2 fire drakes
  A redback zombie
  21 yaktaurs
  13 deep elf priests
  12 komodo dragons
  15 demonic crawlers
  3 spriggan druids
  8 giant leeches
  4 trolls
  23 blink frogs
  2 freezing wraiths
  A harpy zombie
  8 polar bears
  A wolf spider simulacrum
  26 jumping spiders
  A tengu simulacrum
  A trapdoor spider zombie
  A boulder beetle Grinder
  3 centaur simulacra
  8 two-headed ogres
  3 bog bodies
  19 slime creatures
  18 tarantellas
  54 redbacks
  18 trapdoor spiders
  16 spriggans
  A vampire
  41 yaks
  4 shadows
  14 vampire mosquitoes Grum
  7 wraiths
  A human
  A yak (shapeshifter)
  14 hippogriffs
  4 basilisks
  3 wyverns
  4 mottled dragons
  24 deep elf magi
  4 wargs
  2 hogs
  2 hungry ghosts
  3 soldier ants
  3 insubstantial wisps
  23 deep elf fighters
  15 water moccasins
  29 wolves
  26 swamp worms Duvessa
  8 ice beasts
  17 swamp drakes
  2 phantoms
  5 sky beasts
  11 porcupines
  28 ogres
  26 wasps
  7 black bears
  43 orc warriors
  A necrophage
  30 centaurs
  18 crocodiles
  3 big kobolds
  A gnoll sergeant
  21 giant frogs Dowan
  4 scorpions
  14 killer bees
  11 wights
  3 vampire bats
  2 electric eels
  2 centaur zombies
  A wasp zombie
  A lava snake
  A giant frog zombie
  6 jellies
  34 orc wizards
  2 crimson imps
  A quasit
  30 orc priests
  6 centaur skeletons
  12 worker ants
  A giant frog skeleton
  7 hell rats
  9 hounds Terence
  15 iguanas
  32 sheep
  A boulder beetle simulacrum
  A mummy
  2 hound zombies
  2 hound skeletons
  A worker ant zombie
  25 adders
  5 gnolls
  7 shadow imps
  51 river rats
  A white imp
  2 oozes
  2 adder skeletons
  15 worms
  9 giant geckos
  185 orcs
  A ball python
  7 giant cockroaches
  3 goblins
  9 hobgoblins
  20 jackals
  8 quokkas
  17 bats
  A giant gecko skeleton
  2 giant gecko zombies
  6 giant newts
  A jackal skeleton
  14 kobolds
  A quokka skeleton
  31 rats
  21 briar patches
  A bush
  3 fulminant prisms
  45 fungi
  27 plants
1919 creatures vanquished.
